 Dungeon Crawl Stone Soup version 0.19.1-1-g22dce08 (webtiles) character file.

2604 Mefis the Thaumaturge (level 9, -3/45 HPs)
             Began as a Deep Elf Wizard on Jan 19, 2017.
             Was an Initiate of Sif Muna.
             Slain by a thrashing horror (8 damage)
             ... created by the touch of Lugonu
             ... on level 6 of the Dungeon.
             The game lasted 00:20:22 (9343 turns).

Mefis the Thaumaturge (Deep Elf Wizard)             Turns: 9343, Time: 00:20:23

Health: -3/45      AC:  8    Str:  4    XL:     9   Next: 33%
Magic:  8/24       EV: 17    Int: 27    God:    Sif Muna [......]
Gold:   163        SH:  0    Dex: 13    Spells: 7 memorised, 11 levels left

rFire  + + .     SeeInvis .     D - +2 short sword (venom)
rCold  . . .     Gourm    .     a - +0 robe
rNeg   . . .     Faith    .     (no shield)
rPois  +         Spirit   .     y - +2 helmet
rElec  .         Reflect  .     S - +0 cloak
rCorr  .         Harm     .     m - +0 pair of gloves
MR     .....                    T - +0 pair of boots "Pavoo" {rF++}
Stlth  +++.......               (no amulet)
                                K - +2 ring of evasion
                                B - ring of poison resistance

@: no status effects
A: no striking features
a: Renounce Religion


You were on level 6 of the Dungeon.
You worshipped Sif Muna.
Sif Muna was noncommittal.
You were not hungry.

You visited 2 branches of the dungeon, and saw 8 of its levels.
You also visited: Sewer.

You collected 429 gold pieces.
You spent 266 gold pieces at shops.

Inventory:

Hand Weapons
 e - a +0 dagger
 h - a +0 hunting sling
 D - a +2 short sword of venom (weapon)
 G - a +0 short sword of electrocution
 Q - the +3 mace of the Foremost Cities {crush, rElec rC+ Stlth+}
   (You found it on level 5 of the Dungeon)

   It inflicts extra damage upon your enemies.
   It protects you from cold.
   It insulates you from electricity.
   It makes you more stealthy.
 R - a +2 quarterstaff of chaos
Missiles
 t - 59 sling bullets
 z - 12 poisoned needles
 A - 5 needles of sleeping
Armour
 a - a +0 robe (worn)
 b - a +0 hat
 m - a +0 pair of gloves (worn)
 y - a +2 helmet (worn)
 S - a +0 cloak (worn)
 T - the +0 pair of boots "Pavoo" (worn) {rF++}
   (You found it on level 6 of the Dungeon)

   It greatly protects you from fire.
Jewellery
 B - a ring of poison resistance (left hand)
 K - a +2 ring of evasion (right hand)
Wands
 q - a wand of slowing (29/48)
 u - a wand of polymorph (0/24)
 C - a wand of slowing (9/48)
Scrolls
 g - 3 scrolls of teleportation
 i - 3 scrolls of fear
 j - a scroll of amnesia
 s - 3 scrolls of enchant armour
 w - 2 scrolls of immolation
 x - a scroll of random uselessness {unknown}
 F - a scroll of enchant weapon
 I - a scroll of recharging
 L - 5 scrolls of magic mapping
 M - a scroll of fog {unknown}
 N - 3 scrolls of noise {unknown}
 P - 2 scrolls of identify
Potions
 f - 2 potions of heal wounds
 k - 5 potions of haste
 l - a potion of flight {unknown}
 n - 4 potions of curing {unknown}
 o - a potion of agility {unknown}
 p - 2 potions of lignification {unknown}
 v - 2 potions of cancellation {unknown}
 E - a potion of cure mutation
 H - a potion of might
 J - 3 potions of brilliance
Books
 c - a book of Minor Magic

   Spells                             Type                      Level
   a - Magic Dart                     Conjuration                  1
   b - Blink                          Translocation                2
   c - Call Imp                       Summoning                    2
   d - Repel Missiles                 Charms/Air                   2
   e - Slow                           Hexes                        2
   f - Conjure Flame                  Conjuration/Fire             3
   g - Mephitic Cloud                 Conjuration/Poison/Air       3
Comestibles
 d - 5 bread rations
 r - 3 meat rations
 O - 3 fruits
 U - 2 chunks of flesh


   Skills:
 + Level 5.9 Dodging
 + Level 6.1 Stealth
 * Level 9.0 Spellcasting
 + Level 4.9 Conjurations
 + Level 4.9 Hexes
 - Level 1.1 Summonings
 - Level 1.1 Translocations
 + Level 4.2 Air Magic
 + Level 4.0 Poison Magic
 + Level 4.0 Evocations


You had 11 spell levels left.
You knew the following spells:

 Your Spells              Type           Power        Failure   Level  Hunger
a - Magic Dart            Conj           ####         1%          1    None
b - Call Imp              Summ           ###.....     6%          2    None
c - Blink                 Tloc           N/A          6%          2    None
d - Repel Missiles        Chrm/Air       ###...       3%          2    None
e - Mephitic Cloud        Conj/Pois/Air  #####...     2%          3    None
f - Conjure Flame         Conj/Fire      ####....     6%          3    None
g - Slow                  Hex            #####...     1%          2    None


Dungeon Overview and Level Annotations

Branches:
Dungeon (7/15)             Temple (1/1) D:4

Altars:
Cheibriados
Dithmenos
Elyvilon
Fedhas
Gozag
Kikubaaqudgha
Makhleb
Okawaru
Qazlal
Sif Muna
Trog
Vehumet
Xom
Yredelemnul
Zin
The Shining One
Lugonu

Shops:
D:4 ?

Annotations:
D:6 horrors


Message History

The thrashing horror barely misses you.
The thrashing horror closely misses you.
Press: ? - help, v - describe, . - travel The floor.
Casting: Blink
Confirm with . or Enter, or press ? or * to list all spells.
You don't know that spell.
Unknown command.
Unknown command.
Casting: Blink
Confirm with . or Enter, or press ? or * to list all spells.
You blink.
Evoke which item? (* to show all) (? for menu, Esc to quit)
Zapping:
u - a wand of polymorph {zapped: 8} (will waste charges)
Press: ? - help, Shift-Dir - straight line, f/p - thrashing horror
Aim: a thrashing horror (durably summoned, chance to defeat MR: 21%)
The thrashing horror is unaffected.
Evoking this partially-identified wand wasted a few charges.
The thrashing horror tramples you!
You die...

.# ### #.. .#..
#.# #.#.##.##
#.#.#...##
#.#......###
#@X........#
###..ยง...#.#
#.#...##.#
##.##.###.# #
.....# #.#
...#####.#### #.#
.........######.#
#
#..>.......####...
#
#.########<.......


You could see a thrashing horror.

Vanquished Creatures
  2 small abominations (D:5)
  Edmund (D:5)
  An orc warrior (D:3)
  A black bear (D:6)
  A phantom (D:5)
  An ogre (D:5)
  An ice beast (D:6)
  4 big kobolds (Sewer)
  Blork the orc (D:4)
  4 bullfrogs (D:6)
  3 scorpions
  A howler monkey (D:6)
  A bullfrog skeleton (D:4)
  4 orc priests
  4 hounds
  8 orc wizards
  Crazy Yiuf (D:5)
  An iguana (D:7)
  Natasha (D:2)
  3 worker ants
  2 worker ant zombies
  13 adders
  13 gnolls
  2 river rats (Sewer)
  A shadow imp (D:7)
  3 oozes (Sewer)
  2 adder zombies (D:6)
  5 worms
  2 dart slugs (D:1)
  4 leopard geckos
  29 orcs
  9 bats
  2 giant cockroaches (D:2)
  7 goblins
  7 hobgoblins
  4 jackals
  17 kobolds
  3 quokkas
  2 ball pythons (Sewer)
  8 frilled lizards
  A giant cockroach zombie (D:6)
  A jackal skeleton (D:5)
  A quokka skeleton (D:5)
  14 rats
196 creatures vanquished.

Vanquished Creatures (collateral kills)
  Grinder (D:3)
  A howler monkey (D:4)
  Ijyb (D:2)
  Natasha (twice) (D:2)
  Terence (D:2)
  A hound skeleton (D:4)
  A gnoll (D:2)
  An orc (D:3)
  A goblin (D:2)
10 creatures vanquished.

Grand Total: 206 creatures vanquished

Notes
Turn   | Place    | Note
-------+----------+-------------------------------------------
     0 | D:1      | Mefis the Deep Elf Wizard began the quest for the Orb.
     0 | D:1      | Reached XP level 1. HP: 10/10 MP: 7/7
   423 | D:1      | Reached XP level 2. HP: 15/15 MP: 3/9
   428 | D:1      | Learned a level 2 spell: Call Imp
   431 | D:1      | Learned a level 2 spell: Blink
   434 | D:1      | Learned a level 2 spell: Repel Missiles
   800 | D:1      | Reached skill level 5 in Spellcasting
  1138 | D:2      | Noticed Natasha
  1157 | D:2      | Killed Natasha
  1157 | D:2      | Reached XP level 3. HP: 18/19 MP: 2/11
  1162 | D:2      | Learned a level 3 spell: Mephitic Cloud
  1167 | D:2      | Noticed Natasha
  1179 | D:2      | Killed Natasha
  1373 | D:2      | Noticed Natasha
  1379 | D:2      | Killed Natasha
  1379 | D:2      | Reached skill level 1 in Air Magic
  1379 | D:2      | Reached XP level 4. HP: 24/24 MP: 1/13
  1383 | D:2      | Noticed Ijyb
  1503 | D:2      | Killed Ijyb
  1664 | D:2      | Reached skill level 1 in Poison Magic
  1911 | D:2      | Found a glowing silver altar of Zin.
  1947 | D:2      | Reached XP level 5. HP: 28/28 MP: 9/15
  1985 | D:2      | Reached skill level 6 in Spellcasting
  2154 | D:2      | Noticed Terence
  2227 | D:2      | Killed Terence
  2251 | D:2      | Learned a level 3 spell: Conjure Flame
  2254 | D:2      | Learned a level 2 spell: Slow
  2462 | D:3      | Reached skill level 1 in Hexes
  2736 | D:3      | Reached XP level 6. HP: 32/32 MP: 6/17
  3196 | D:3      | Found a bloodstained altar of Trog.
  3342 | D:3      | Noticed Grinder
  3383 | D:3      | Killed Grinder
  3383 | D:3      | Reached skill level 1 in Evocations
  3497 | D:3      | Noticed an orc warrior
  3642 | D:3      | Killed an orc warrior
  3642 | D:3      | Reached XP level 7. HP: 36/36 MP: 4/19
  4098 | D:4      | Found a radiant altar of Vehumet.
  4111 | D:4      | Noticed Blork the orc
  4140 | D:4      | Killed Blork the orc
  4211 | D:4      | Found a glowing drain.
  4222 | Sewer    | Entered a sewer
  4330 | Sewer    | Reached skill level 7 in Spellcasting
  5153 | Sewer    | Reached XP level 8. HP: 24/41 MP: 1/21
  5424 | D:4      | Found a staircase to the Ecumenical Temple.
  5453 | Temple   | Entered the Ecumenical Temple
  5492 | Temple   | Became a worshipper of Lugonu the Unformed
  5492 | Temple   | Reached * piety under Lugonu
  5790 | D:4      | Found Vaenejoh's Magic Scroll Emporium.
  5820 | D:4      | Bought a scroll of identify for 26 gold pieces
  5820 | D:4      | Bought a scroll of remove curse for 39 gold pieces
  5820 | D:4      | Bought a scroll of fear for 45 gold pieces
  5820 | D:4      | Bought a scroll of identify for 26 gold pieces
  5820 | D:4      | Bought a scroll of identify for 26 gold pieces
  5820 | D:4      | Bought a scroll of identify for 26 gold pieces
  5820 | D:4      | Bought a scroll of teleportation for 39 gold pieces
  5820 | D:4      | Bought a scroll of teleportation for 39 gold pieces
  6021 | D:4      | Found a snail-covered altar of Cheibriados.
  6066 | D:4      | Found a stormy altar of Qazlal.
  6089 | D:5      | Entered Level 5 of the Dungeon
  6352 | D:5      | Reached skill level 5 in Stealth
  6352 | D:5      | Reached skill level 8 in Spellcasting
  6464 | D:5      | Found an iron altar of Okawaru.
  6550 | D:5      | Found a runed door.
  6657 | D:5      | Noticed Edmund
  6671 | D:5      | Killed Edmund
  6671 | D:5      | Reached skill level 5 in Dodging
  7004 | D:5      | Noticed Crazy Yiuf
  7009 | D:5      | Killed Crazy Yiuf
  7013 | D:5      | Got a twisted mace
  7021 | D:5      | Identified the cursed +3 mace of the Foremost Cities {crush, rElec rC+ Stlth+} (You found it on level 5 of the Dungeon)
  7482 | D:6      | Found a deep blue altar of Sif Muna.
  7488 | D:6      | Reached ** piety under Lugonu
  7489 | D:6      | Found a burning altar of Makhleb.
  7495 | D:6      | Fell from the grace of Lugonu
  7495 | D:6      | Became a worshipper of Sif Muna the Loreminder
  7658 | D:6      | Reached XP level 9. HP: 44/45 MP: 15/23
  7664 | D:6      | Got a pair of distressingly furry boots
  7681 | D:6      | Identified the +0 pair of boots "Pavoo" {rF++} (You found it on level 6 of the Dungeon)
  7739 | D:6      | Noticed a thrashing horror
  7968 | D:6      | Noticed a thrashing horror
  8690 | D:7      | Reached skill level 9 in Spellcasting
  8761 | D:7      | Noticed a thrashing horror
  8761 | D:7      | Noticed a starcursed mass
  9343 | D:6      | Slain by a thrashing horror

Skill      XL: |  1  2  3  4  5  6  7  8  9 |
---------------+----------------------------+-----
Spellcasting   | 5 6 7 8 9 |  9.0
Conjurations   | 2 3 4 |  4.9
Air Magic      | 1 2 3 4 |  4.2
Stealth        | 3 4 5 6 |  6.1
Dodging        | 3 4 5 |  5.9
Poison Magic   | 1 2 3 4 |  4.0
Hexes          | 1 2 3 4 |  4.9
Evocations     | 1 2 3 4 |  4.0
Summonings     | |  1.1
Translocations | |  1.1

Action                   |  1- 3 |  4- 6 |  7- 9 || total
-------------------------+-------+-------+-------++-------
Melee: Dagger            |       |    36 |     5 ||    41
       Short sword       |       |       |    89 ||    89
       Mace              |       |       |     5 ||     5
 Fire: Hunting sling     |       |     9 |       ||     9
 Cast: Magic Dart        |    63 |   114 |   392 ||   569
       Call Imp          |     3 |    17 |     3 ||    23
       Repel Missiles    |     1 |       |       ||     1
       Mephitic Cloud    |     1 |    10 |    18 ||    29
       Blink             |       |     1 |    19 ||    20
       Conjure Flame     |       |     5 |     5 ||    10
       Slow              |       |     3 |       ||     3
Evoke: Wand              |       |       |     3 ||     3
  Use: Scroll            |       |       |    15 ||    15
 Stab: Confused          |       |     2 |     4 ||     6
       Sleeping          |       |     2 |     1 ||     3
  Eat: Chunk             |     1 |     5 |    14 ||    20
       Beef jerky        |       |     1 |       ||     1
       Meat ration       |       |       |     1 ||     1
Armor: Robe              |     3 |     1 |    54 ||    58
       Skin              |       |     4 |       ||     4
Dodge: Dodged            |    13 |    30 |   202 ||   245
       Deflected         |       |     1 |       ||     1
